 Dungeon Crawl Stone Soup version 0.29.1 (webtiles) character file.

Game seed: 3703587478024902002

45 Marcotte the Conjurer (level 3, -44/24 HPs)
             Began as a Human Conjurer on Sept 14, 2022.
             Killed by an exploding Robin (55 damage)
             ... ignited by their inner flame
             ... on level 2 of the Dungeon.
             The game lasted 00:07:37 (1462 turns).

Marcotte the Conjurer (Human Conjurer)              Turns: 1462, Time: 00:07:39

Health: -44/24     AC:  3    Str:  7    XL:     3   Next: 90%
Magic:  1/6        EV:  9    Int: 20    God:
Gold:   35         SH:  0    Dex: 11    Spells: 3/6 levels left

rFire   . . .      SeeInvis .   l - +0 short sword
rCold   . . .      Faith    .   (no shield)
rNeg    . . .      Spirit   .   a - +0 robe
rPois   .          Reflect  .   (no helmet)
rElec   .          Harm     .   (no cloak)
rCorr   .          Rampage  .   c - +0 pair of gloves
Will    .....                   (no boots)
Stlth   ++........              (no amulet)
HPRegen 0.08/turn               j - ring of wizardry
MPRegen 0.10/turn               (no ring)

@: about to teleport, constricted
A: no striking features
a: no special abilities


You were on level 2 of the Dungeon.
You visited 1 branch of the dungeon, and saw 2 of its levels.

You collected 35 gold pieces.

Inventory:

Hand Weapons
 g - a +0 dagger
 l - a +0 short sword (weapon)
 m - a +0 short sword
Armour
 a - a +0 robe (worn)
 c - a +0 pair of gloves (worn)
Jewellery
 j - a ring of wizardry (left hand)
Scrolls
 h - a scroll of poison {unknown}
 n - a scroll of teleportation
 o - a scroll of identify {unknown}
Potions
 b - a potion of magic
 e - 3 potions of curing {unknown}
 f - a potion of lignification {unknown}
 i - a potion of resistance {unknown}
 k - a potion of heal wounds {unknown}


   Skills:
 + Level 0.1 Fighting
 + Level 2.2 Dodging
 + Level 2.2 Stealth
 + Level 0.6 Unarmed Combat
 + Level 2.3 Spellcasting
 + Level 4.6 Conjurations


You had 3 spell levels left.
You knew the following spells:

 Your Spells              Type           Power      Damage    Failure   Level
a - Magic Dart            Conj           84%        1d7       1%          1
b - Searing Ray           Conj           42%        2d6       1%          2

Your spell library contained the following spells:

 Spells                   Type           Power      Damage    Failure   Level
 Dazzling Flash           Conj/Hex       22%        N/A       7%          3
 Fulminant Prism          Conj/Hex       5%         3d7       22%         4
 Iskenderun's Mystic Bla  Conj/Tloc      11%        2d4       22%         4


Dungeon Overview and Level Annotations

Branches:
Dungeon (2/15)

Altars:


Message History

Press: ? - help, Shift-Dir - straight line, f - Robin, p - goblin
Aim: Robin, wielding a +0 club, wearing a +0 animal skin and wearing the +0 helmet of Ashenzari's Outrage {rN+ Str+2} (84% to hit)
The searing ray hits the goblin.
You kill the goblin!
The searing ray hits Robin.
Robin is lightly wounded. (Press . to maintain the ray.)
The goblin barely misses you.
The searing ray hits Robin!
Robin is severely wounded.
The goblin hits you with a +0 club. The goblin attacks as you move away!
The goblin misses you. Robin barely misses you.
A ball python comes into view.
The ball python hisses angrily.
Robin attacks as you move away! Robin hits you with a +0 club.
Robin throws the goblin at you! The goblin barely misses you.
As you read the scroll labelled SYHEGO XOUTU, it crumbles to dust.
The creatures around you are filled with an inner flame!
It was a scroll of immolation.
The ball python barely misses you. The ball python grabs you.
The ball python constricts you. The goblin barely misses you.
Unknown command.
Unknown command.
Okay, then.
Unknown command.
As you read the scroll labelled DUXACS UZUQA, it crumbles to dust.
You feel strangely unstable.
It was a scroll of teleportation.
The goblin no longer looks unusually strong.
The ball python closely misses you. The ball python constricts you.
Robin barely misses you. The goblin misses you.
Unknown command.
You hit Robin.
Flame seeps out of Robin.
Robin is severely wounded.
The ball python closely misses you. The ball python constricts you.
Robin is engulfed in blazing flames.
Robin explodes!
The fiery explosion engulfs you!!!
Ouch! That really hurt!
You die...

##.....##
#♣.♣###...$...##
#...##.........#
#8.8#+.$.......+
#...##.........#
#8.8###.......##
####...# ##.....##
#..#8S8# ##...##
#.##§@g# ##'##
#.##○§#.# ###.###
#).§§##.###..g..#
#..####.........#####
#..# #.###..........
#..####.###....$#####
#.......##..g...#
##.####$##.##..##
#.........###.#


You could see a goblin (inner flame) and a ball python (inner flame).

Vanquished Creatures
  Robin (D:2)
  An adder (D:2)
  A dart slug (D:1)
  3 ball pythons (D:1)
  3 endoplasms (D:1)
  A giant cockroach (D:1)
  7 goblins (D:2)
  3 hobgoblins
  2 quokkas (D:1)
  3 bats (D:1)
  4 kobolds (D:1)
  2 rats (D:1)
31 creatures vanquished.

Vanquished Creatures (others)
  3 toadstools (D:2)
3 creatures vanquished.

Grand Total: 34 creatures vanquished

Notes
Turn   | Place    | Note
-------+----------+-------------------------------------------
     0 | D:1      | Marcotte the Human Conjurer began the quest for the Orb.
     0 | D:1      | Reached XP level 1. HP: 13/13 MP: 3/3
    36 | D:1      | Found a faded altar of an unknown god.
   124 | D:1      | Reached XP level 2. HP: 13/19 MP: 1/5
   130 | D:1      | Learned a level 2 spell: Searing Ray
   745 | D:1      | Reached XP level 3. HP: 24/24 MP: 3/6
  1391 | D:2      | Identified the +0 helmet of Ashenzari's Outrage {rN+ Str+2}
  1391 | D:2      | Noticed Robin
  1462 | D:2      | Killed Robin
  1462 | D:2      | Killed by an exploding Robin... ignited by their inner
                  | flame

Illustrated notes

Levels and vault maps discovered:
D:1:      eino_arrival_water_star, layout_rooms, ebering_ecumenical_altar_webs,
          st_stairs_14, minmay_pentomino_o2
D:2:      layout_loops_corners, minmay_gold_behind_fungi, grunt_ministairs_12,
          chequers_avenue, uniq_robin

Action                   || total
-------------------------++-------
Melee: Unarmed           ||    24
       Dagger            ||     2
       Short sword       ||     1
 Cast: Magic Dart        ||    50
       Searing Ray       ||     2
  Use: Scroll            ||     2
Armor: Robe              ||    20
Dodge: Dodged            ||    41
